 Dungeon Crawl Stone Soup version 0.17.1-3-g152610e (webtiles) character file.

35026 Peloso the Carver (level 13, -6/122 HPs)
             Began as a Minotaur Fighter on Apr 17, 2016.
             Was a High Priest of Okawaru.
             Killed from afar by CcS's ghost (42 damage)
             ... with a bolt of negative energy
             ... on level 15 of the Dungeon.
             The game lasted 00:41:19 (14468 turns).

Peloso the Carver (Minotaur Fighter)               Turns: 14468, Time: 00:41:19

Health: -6/122     AC: 21    Str: 23    XL:     13   Next: 45%
Magic:  0/14       EV: 13    Int:  5    God:    Okawaru [*****.]
Gold:   950        SH:  0    Dex: 19    Spells: 0 memorised, 12 levels left

rFire  . . .     SeeInvis +     K - +6 double sword of the Egg {slice, Dex+6}
rCold  . . .     Clarity  .     l - +0 plate armour
rNeg   . . .     SustAt   .     (no shield)
rPois  .         Gourm    .     (helmet restricted)
rElec  .         Spirit   +     A - +0 cloak
rCorr  .         Warding  .     E - +2 pair of gloves
rMut   .         Stasis   .     (no boots)
MR     .....                    L - amulet of guardian spirit
Stlth  ..........               D - +6 ring of slaying
                                p - ring of see invisible

@: heroism, finesse, very heavily drained, not resistant to hostile
enchantments, extremely unstealthy
A: retaliatory headbutt, horns 2
a: Heroism, Finesse, Renounce Religion


You were on level 15 of the Dungeon.
You worshipped Okawaru.
Okawaru was extremely pleased with you.
You were not hungry.

You visited 2 branches of the dungeon, and saw 16 of its levels.

You collected 950 gold pieces.

Inventory:

Hand Weapons
 a - the +1 great sword "Niblatibb" {slice, rElec Str+8 Dex+2 Stlth-}
   (Okawaru gifted it to you on level 14 of the Dungeon)

   It inflicts extra damage upon your enemies.
   It affects your strength (+8).
   It affects your dexterity (+2).
   It insulates you from electricity.
   It makes you less stealthy.
 z - a +1 scimitar of flaming
 B - a +4 scimitar of flaming
 G - a +1 falchion of electrocution
 K - the +6 double sword of the Egg (weapon) {slice, Dex+6}
   (Okawaru gifted it to you on level 14 of the Dungeon)

   It inflicts extra damage upon your enemies.
   It affects your dexterity (+6).
Armour
 l - a +0 plate armour (worn)
 A - a +0 cloak (worn)
 E - a +2 pair of gloves (worn)
Jewellery
 p - a ring of see invisible (left hand)
 D - a +6 ring of slaying (right hand)
 F - an uncursed amulet of warding
 J - a +5 ring of intelligence
 L - an amulet of guardian spirit (around neck)
Wands
 b - a wand of fire (2)
 w - a wand of paralysis (12)
 P - a wand of polymorph (9)
Scrolls
 c - a scroll of brand weapon
 k - 3 scrolls of identify
 m - 2 scrolls of fog
 o - 3 scrolls of magic mapping
 q - 2 scrolls of enchant weapon
 s - 2 scrolls of remove curse
 y - 4 scrolls of enchant armour
 I - a scroll of blinking
Potions
 d - a potion of might
 g - 2 potions of magic
 h - a potion of brilliance
 i - 5 potions of curing
 j - 2 potions of haste
 r - a potion of agility
 t - a potion of cure mutation
 u - 2 potions of flight
 N - a potion of lignification {unknown}
Comestibles
 e - 12 bread rations
 n - 10 fruits
 v - 3 meat rations
 x - 2 beef jerkies
 H - 10 royal jellies
 M - a slice of pizza
 O - 4 chunks of flesh


   Skills:
 + Level 13.2(13.4) Fighting
 + Level 14.7 Long Blades
 + Level 12.7(12.9) Armour
 + Level 8.0(8.8) Dodging
 + Level 1.9(3.2) Stealth
   Level 11.6(12.0) Shields
 + Level 3.1(0.0) Invocations


You had 12 spell levels left.
You didn't know any spells.

Dungeon Overview and Level Annotations

Branches:
Dungeon (15/15)            Temple (1/1) D:4            Lair (0/8) D:11
    Orc (0/4) D:11         Vaults (0/5) D:14
 Depths: D:15

Altars:
Ashenzari
Cheibriados
Dithmenos
Elyvilon
Fedhas
Gozag
Kikubaaqudgha
Makhleb
Nemelex Xobeh
Okawaru
Qazlal
Ru
Sif Muna
Trog
Vehumet
Xom
Yredelemnul
Zin
The Shining One
Beogh

Shops:
D:4 :

Annotations:
D:15 CcS's ghost, journeyman DrTm


Innate Abilities, Weirdness & Mutations

You reflexively headbutt those who attack you in melee.
You have a pair of horns on your head.


Message History

Your plate armour prevents you from hitting CcS's ghost.
Your headbutt misses CcS's ghost.
CcS's ghost is heavily damaged.
CcS's ghost mumbles some strange words.
CcS's ghost blinks!
You miss CcS's ghost.
CcS's ghost is heavily damaged.
You closely miss CcS's ghost. Your headbutt misses CcS's ghost.
CcS's ghost is heavily damaged.
You miss CcS's ghost. You headbutt CcS's ghost.
CcS's ghost is heavily damaged.
CcS's ghost closely misses you. You furiously retaliate!
You headbutt CcS's ghost. You miss CcS's ghost.
CcS's ghost is heavily damaged.
You barely miss CcS's ghost.
CcS's ghost is heavily damaged.
CcS's ghost breathes negative energy at you.
The bolt of negative energy hits you!
You feel drained.
You die...

#.#######
#.....@.#
#######W#
#.# #.#
#.# #.#
#.# #.#
#.#


You could see CcS's ghost.

Vanquished Creatures
  8 vault guards (D:14)
  A hydra (D:12)
  4 centaur warriors
  A tengu warrior (D:14)
  3 hill giants
  An unseen horror (D:14)
  Pikel (D:9)
  2 cyclopes
  6 ugly things
  A gargoyle (D:14)
  A komodo dragon (D:9)
  5 centaur skeletons
  2 kobold demonologists (D:13)
  2 efreet (D:13)
  A tengu conjurer (D:14)
  A two-headed ogre (D:12)
  Prince Ribbit (D:9)
  A jumping spider (shapeshifter) (D:13)
  9 slime creatures
  3 deep elf magi
  A wyvern (D:13)
  A hungry ghost (D:13)
  8 hippogriffs
  13 yaks
  Grum (D:9)
  3 vampire mosquitoes (D:11)
  A wraith (D:14)
  2 basilisks
  Menkaure (D:5)
  2 wolves (D:9)
  A slave (D:9)
  5 orc warriors
  A black bear (D:12)
  5 ice beasts
  3 ogres
  2 phantoms
  2 sky beasts
  A necrophage (D:11)
  21 centaurs
  9 big kobolds
  7 giant frogs
  A water moccasin skeleton (D:7)
  4 scorpions
  9 killer bees
  7 wights
  6 crimson imps
  2 giant frog zombies
  7 centaur zombies
  5 jellies (D:9)
  Ijyb (D:2)
  7 hounds
  An iguana (D:4)
  10 orc priests
  16 orc wizards
  2 giant frog skeletons
  12 worker ants
  2 sheep (D:14)
  A hound skeleton (D:6)
  2 worker ant zombies
  6 gnolls
  9 adders
  3 shadow imps
  A white imp (D:12)
  6 oozes
  2 adder skeletons
  3 worms
  6 giant geckos
  52 orcs
  9 bats
  6 giant cockroaches
  9 goblins
  9 hobgoblins
  8 jackals
  6 quokkas
  5 giant newts
  55 kobolds
  2 rats
436 creatures vanquished.

Vanquished Creatures (others)
  An eye of draining (D:11)
  2 slaves
  4 toadstools (D:1)
7 creatures vanquished.

Grand Total: 443 creatures vanquished

Notes
Turn   | Place    | Note
--------------------------------------------------------------
     0 | D:1      | Peloso the Minotaur Fighter began the quest for the Orb.
     0 | D:1      | Reached XP level 1. HP: 19/19 MP: 0/0
   199 | D:1      | Reached XP level 2. HP: 24/27 MP: 1/1
   310 | D:1      | Reached skill level 4 in Fighting
   492 | D:2      | Reached XP level 3. HP: 33/33 MP: 2/2
   513 | D:2      | Noticed Ijyb
   525 | D:2      | Killed Ijyb
   709 | D:2      | Found a faded altar to an unknown god.
   715 | D:2      | Reached XP level 4. HP: 40/40 MP: 3/3
   997 | D:3      | Found a burning altar of Makhleb.
  1067 | D:3      | Found a sparkling altar of Nemelex Xobeh.
  1224 | D:3      | Reached skill level 1 in Dodging
  1328 | D:3      | Reached XP level 5. HP: 40/47 MP: 4/4
  1340 | D:3      | Reached skill level 5 in Shields
  1391 | D:3      | Reached skill level 5 in Armour
  2063 | D:4      | Reached XP level 6. HP: 39/53 MP: 5/5
  2064 | D:4      | Found a staircase to the Ecumenical Temple.
  2074 | Temple   | Entered the Ecumenical Temple
  2470 | D:4      | Found Zigato's Book Emporium.
  2923 | D:4      | Reached skill level 5 in Fighting
  2923 | D:4      | Reached XP level 7. HP: 45/61 MP: 6/6
  3099 | D:4      | Reached skill level 6 in Shields
  3524 | D:5      | Entered Level 5 of the Dungeon
  3660 | D:5      | Found a shadowy altar of Dithmenos.
  3680 | D:5      | Noticed Menkaure
  3686 | D:5      | Killed Menkaure
  3686 | D:5      | Reached skill level 5 in Long Blades
  3686 | D:5      | Reached XP level 8. HP: 53/70 MP: 7/7
  4028 | D:5      | Found an iron altar of Okawaru.
  4045 | D:5      | Became a worshipper of Warmaster Okawaru
  4175 | D:5      | Found a snail-covered altar of Cheibriados.
  4687 | D:6      | Reached skill level 7 in Shields
  4783 | D:6      | Reached skill level 1 in Stealth
  5094 | D:6      | Reached skill level 5 in Dodging
  5690 | D:7      | Reached skill level 8 in Shields
  5813 | D:7      | Reached * piety under Okawaru
  6286 | D:8      | Found a radiant altar of Vehumet.
  6332 | D:8      | Noticed a cyan ugly thing
  6350 | D:8      | Killed a cyan ugly thing
  6350 | D:8      | Reached XP level 9. HP: 76/78 MP: 6/8
  6681 | D:8      | Found a deep blue altar of Sif Muna.
  6941 | D:8      | Reached skill level 9 in Shields
  7016 | D:9      | Reached ** piety under Okawaru
  7166 | D:9      | Noticed Pikel
  7182 | D:9      | Killed Pikel
  7182 | D:9      | Reached XP level 10. HP: 86/86 MP: 9/9
  7226 | D:9      | Reached *** piety under Okawaru
  7226 | D:9      | Reached skill level 10 in Shields
  7307 | D:9      | Noticed a komodo dragon
  7329 | D:9      | Killed a komodo dragon
  7649 | D:9      | Noticed Grum
  7686 | D:9      | Killed Grum
  7837 | D:9      | Noticed Prince Ribbit
  7861 | D:9      | Killed Prince Ribbit
  8055 | D:9      | Reached **** piety under Okawaru
  8132 | D:10     | Entered Level 10 of the Dungeon
  8234 | D:10     | Reached skill level 11 in Shields
  8710 | D:11     | Reached ***** piety under Okawaru
  8710 | D:11     | Reached XP level 11. HP: 87/95 MP: 10/10
  8722 | D:11     | Reached skill level 10 in Long Blades
  8806 | D:11     | Found a staircase to the Orcish Mines.
  8827 | D:11     | Found a staircase to the Lair.
  8894 | D:11     | Received a gift from Okawaru
  9212 | D:11     | Found a roughly hewn altar of Beogh.
  9361 | D:12     | Noticed a centaur warrior
  9384 | D:12     | Killed a centaur warrior
  9626 | D:12     | Found a frozen archway.
  9742 | D:12     | Noticed a four-headed hydra
  9787 | D:12     | Killed a 14-headed hydra
  9787 | D:12     | Reached skill level 1 in Invocations
 10474 | D:12     | Reached skill level 10 in Fighting
 10737 | D:12     | Received a gift from Okawaru
 10747 | D:12     | Reached skill level 10 in Armour
 10987 | D:13     | Noticed a hill giant
 10994 | D:13     | Killed a hill giant
 11426 | D:13     | Reached skill level 12 in Long Blades
 11426 | D:13     | Reached XP level 12. HP: 88/107 MP: 12/12
 11529 | D:13     | Noticed a centaur warrior
 11829 | D:13     | Killed a centaur warrior
 12143 | D:13     | Noticed a hill giant
 12151 | D:13     | Killed a hill giant
 12829 | D:13     | Reached skill level 13 in Long Blades
 13080 | D:13     | Received a gift from Okawaru
 13420 | D:14     | Noticed a vault guard
 13437 | D:14     | Killed a vault guard
 13440 | D:14     | Noticed a vault guard
 13451 | D:14     | Killed a vault guard
 13451 | D:14     | Received a gift from Okawaru
 13451 | D:14     | Reached XP level 13. HP: 110/119 MP: 14/14
 13454 | D:14     | Got an ancient double sword {god gift}
 13455 | D:14     | Identified the +6 double sword of the Egg {slice, Dex+6} (Okawaru gifted it to you on level 14 of the Dungeon)
 13494 | D:14     | Noticed a vault guard
 13494 | D:14     | Noticed a vault guard
 13501 | D:14     | Killed a vault guard
 13507 | D:14     | Killed a vault guard
 13507 | D:14     | Reached skill level 14 in Long Blades
 13514 | D:14     | Noticed a vault guard
 13520 | D:14     | Killed a vault guard
 13536 | D:14     | Noticed a vault guard
 13544 | D:14     | Killed a vault guard
 13555 | D:14     | Noticed a vault guard
 13564 | D:14     | Killed a vault guard
 13722 | D:14     | Noticed a vault guard
 13730 | D:14     | Killed a vault guard
 14121 | D:14     | Received a gift from Okawaru
 14128 | D:14     | Got a bloodstained great sword {god gift}
 14192 | D:14     | Found a gate to the Vaults.
 14210 | D:14     | Noticed a centaur warrior
 14218 | D:14     | Killed a centaur warrior
 14255 | D:14     | Identified the +1 great sword "Niblatibb" {slice, rElec Str+8 Dex+2 Stlth-} (Okawaru gifted it to you on level 14 of the Dungeon)
 14273 | D:15     | Entered Level 15 of the Dungeon
 14299 | D:15     | Noticed CcS's ghost (journeyman DrTm)
 14316 | D:15     | HP: 5/122 [CcS's ghost/bolt of negative energy (20)]
 14327 | D:15     | HP: 6/122 [CcS's ghost/bolt of negative energy (15)]
 14468 | D:15     | Killed from afar by CcS's ghost

Action                   |  1- 3 |  4- 6 |  7- 9 | 10-12 | 13-15 || total
-------------------------+-------+-------+-------+-------+-------++-------
Melee: Long sword        |    65 |   204 |   347 |   355 |       ||   971
       Falchion          |       |       |       |    96 |       ||    96
       Scimitar          |       |       |       |   126 |       ||   126
       Double sword      |       |       |       |       |   106 ||   106
Invok: Heroism           |       |       |     1 |     4 |     2 ||     7
       Finesse           |       |       |       |     2 |     1 ||     3
  Use: Scroll            |       |    10 |     6 |    11 |     1 ||    28
       Potion            |       |       |       |     2 |     3 ||     5
  Eat: Chunk             |       |     6 |    13 |    22 |     3 ||    44
       Pizza             |       |       |     1 |       |       ||     1
       Beef jerky        |       |       |       |     1 |       ||     1
